 Dungeon Crawl Stone Soup version 0.31-a0-656-gb4d89c20fa (webtiles) character file.

Game seed: 13527694545610843777

63 Dittersdorf the Trooper (level 4, -7/29 HPs)
             Began as a Gargoyle Fighter on Aug 30, 2023.
             Mangled by a gnoll
             ... wielding a +0 halberd
              (9 damage)
             ... on level 3 of the Dungeon.
             The game lasted 00:01:39 (1612 turns).

Dittersdorf the Trooper (Gargoyle Fighter)          Turns: 1612, Time: 00:01:39

Health: -7/29      AC: 10    Str: 22    XL:     4   Next: 10%
Magic:  4/4        EV:  9    Int:  8    God:
Gold:   108        SH:  4    Dex:  9    Spells: 3/3 levels left

rFire   . . .        a - +0 flail
rCold   + . .        c - +0 buckler
rNeg    + . .        b - +0 scale mail
rPois   ∞            (no helmet)
rElec   +            (no cloak)
rCorr   .            (no gloves)
SInv    .            (no boots)
Will    .....        (no amulet) Stlth
                     f - ring of protection from cold
HPRegen 0.24/turn    (no ring)
MPRegen 0.09/turn

%: no passive effects
@: no status effects
A: sickness immunity, AC +3, negative energy resistance 1, electricity
resistance, torment resistance 1, petrification resistance
a: no special abilities


You were on level 3 of the Dungeon.
You visited 1 branch of the dungeon, and saw 3 of its levels.

You collected 108 gold pieces.

Inventory:

Hand Weapons
 a - a +0 flail (weapon)
Armour
 b - a +0 scale mail (worn)
 c - a +0 buckler (worn)
 g - a +0 plate armour
Jewellery
 f - a ring of protection from cold (left hand)
Wands
 i - a wand of light (13)
Scrolls
 e - a scroll of fear {unknown}
Potions
 d - a potion of might
 h - a potion of curing


   Skills:
 + Level 3.9 Fighting
 + Level 2.7 Maces & Flails
 + Level 3.8 Armour
 + Level 3.9 Shields


You had 3 spell levels left.
You didn't know any spells.
Your spell library contained the following spells:

 Spells                   Type           Power      Damage    Failure   Level
 Ozocubu's Armour         Ice            0%         N/A       99%         3
 Ozocubu's Refrigeration  Ice            0%         4d7       100%        7


Dungeon Overview and Level Annotations

Branches:
Dungeon (3/15)

Altars:


Innate Abilities, Weirdness & Mutations

You are immune to sickness and miasma.
Your stone body is resilient. (AC +3)
You are immune to poison.
You resist negative energy. (rN+)
You are resistant to electric shocks. (rElec)
You are resistant to unholy torment.
You are immune to petrification.


Message History

You hear the sound of rushing water.
There is an entrance to a sewer on this level.
Hurry and find it before the portal rusts away!
The gnoll shouts!
Found three items.
There is a stone staircase leading up here.
As you read the scroll labelled ROON DOSOEZXUPRE, it crumbles to dust.
It is a scroll of identify.
h - a potion of curing
e - a scroll labelled KAHIVU OGALOCI
There are no items here.
You hit the gnoll.
The gnoll is lightly wounded.
A gnoll comes into view. It is wielding a +0 halberd.
The gnoll shouts!
The gnoll hits you but does no damage. x2
You closely miss the gnoll.
The gnoll is lightly wounded.
The gnoll barely misses you. The gnoll hits you with a +0 spear.
The gnoll hits you but does no damage.
You hit the gnoll.
The gnoll is severely wounded.
You block the gnoll's attack. The gnoll hits you with a +0 club.
The gnoll barely misses you.
You hit the gnoll.
The gnoll is severely wounded.
The gnoll hits you with a +0 club. You block the gnoll's attack.
The gnoll barely misses you. The gnoll hits you with a +0 club.
The gnoll hits you with a +0 spear. The gnoll barely misses you.
You hit the gnoll.
You kill the gnoll!
The gnoll closely misses you. The gnoll hits you with a +0 club.
You have reached level 4!
You feel stronger.
You thump the gnoll!
The gnoll is heavily wounded.
The gnoll hits you with a +0 halberd. The gnoll hits you but does no damage.
You hit the gnoll but do no damage. The gnoll hits you with a +0 halberd!
* * * LOW HITPOINT WARNING * * *
You block the gnoll's attack. The gnoll hits you with a +0 halberd!
You die...

. ###### ..
#.(..####...
#.!.........
#.....g........
#..............
#...g#####.....
##..)@g........
#.........####
#...<.....#
.............#
##############


You could see 2 gnolls.

Vanquished Creatures
  A gnoll (D:3)
  2 adders (D:2)
  A dart slug (D:1)
  2 ball pythons (D:1)
  3 endoplasms
  4 goblins
  3 hobgoblins
  4 quokkas
  3 bats
  A frilled lizard (D:1)
  5 kobolds
  4 rats
33 creatures vanquished.

Notes
Turn   | Place    | Note
-------+----------+-------------------------------------------
     0 | D:1      | Dittersdorf the Gargoyle Fighter began the quest for the
                  | Orb.
     0 | D:1      | Reached XP level 1. HP: 14/14 MP: 1/1
   136 | D:1      | Reached XP level 2. HP: 19/19 MP: 2/2
   815 | D:2      | Reached XP level 3. HP: 23/23 MP: 3/3
  1608 | D:3      | Reached XP level 4. HP: 14/29 MP: 4/4
  1612 | D:3      | Mangled by a gnoll

Illustrated notes

Levels and vault maps discovered:
D:1:      kennysheep_arrival_seaside, layout_loops_cross, due_unseen_surprise
D:2:      layout_loops_ring
D:3:      layout_basic, mainiacjoe_overflow_catch_the_wave,
          gup_sewer_entry_bubbles, serial_undead, serial_undead_f,
          serial_undead_a, serial_undead_e, serial_undead_d, serial_undead_f,
          serial_undead_d, serial_undead_e, dk_noncrumbling_4,
          roderic_serpentine_path, uniq_grinder, uniq_jessica

Action                     |  1- 3 |  4- 6 || total
---------------------------+-------+-------++-------
  Melee: Flail             |   114 |     2 ||   116
    Use: Scroll            |     1 |       ||     1
 Armour: Scale mail        |    58 |     1 ||    59
  Dodge: Dodged            |    63 |       ||    63
  Block: Buckler           |    21 |     1 ||    22

Table legend: (Time is in decaauts)
 A = Elapsed time spent in this place.
 B = Non-inter-level travel time spent in this place.
 C = Inter-level travel time spent in this place.
 D = Time resting spent in this place.
 E = Time spent auto-exploring this place.
 F = Levels seen in this place.
 G = Mean time per level.
                   A        B        C        D        E       F      G
               +--------+--------+--------+--------+--------+-----+--------+
         Total |   1650 |   1558 |     92 |    209 |   1062 |   3 |  550.0 |
       Dungeon |   1650 |   1558 |     92 |    209 |   1062 |   3 |  550.0 |
               +--------+--------+--------+--------+--------+-----+--------+

Top non-repeatable levels by time:
     D:2: 854 daAuts
     D:1: 777 daAuts
     D:3: 18 daAuts
